 Dungeon Crawl Stone Soup version 0.27-a0-1319-geec4fb4e21 (webtiles) character file.

Game seed: 6760001053731620133

58 lessens the Cudgeller (level 4, -2/48 HPs)
             Began as an Ogre Monk on June 21, 2021.
             Slain by a gnoll (13 damage)
             ... on level 2 of the Dungeon.
             The game lasted 00:01:31 (1870 turns).

lessens the Cudgeller (Ogre Monk)                   Turns: 1870, Time: 00:01:31

Health: -2/48      AC:  3    Str: 16    XL:     4   Next: 2%
Magic:  4/4        EV: 10    Int: 11    God:
Gold:   51         SH:  0    Dex: 11    Spells: 3/3 levels left

rFire    . . .     SeeInvis .   n - +0 flail
rCold    . . .     Faith    .   (no shield)
rNeg     . . .     Spirit   .   b - +0 robe
rPois    .         Reflect  .   (helmet restricted)
rElec    .         Harm     .   (no cloak)
rCorr    .         Rampage  .   (gloves unavailable)
Will     .....                  (boots unavailable)
Stlth    ++........             (no amulet)
HPRegen  0.16/turn              (no ring)
MPRegen  0.09/turn              (no ring)

@: no status effects
A: large, unfitting armour, tough skin 1
a: no special abilities


You were on level 2 of the Dungeon.
You visited 1 branch of the dungeon, and saw 2 of its levels.

You collected 51 gold pieces.

Inventory:

Hand Weapons
 a - a +0 mace
 n - a +0 flail (weapon)
Missiles
 f - 3 atropa-tipped darts (quivered)
 k - 4 stones
Armour
 b - a +0 robe (worn)
Jewellery
 l - an amulet of faith
Scrolls
 c - a scroll of vulnerability {unknown}
 d - 3 scrolls of identify {unknown}
 e - a scroll of teleportation {unknown}
 i - a scroll of enchant weapon {unknown}
 j - a scroll of fog {unknown}
Potions
 g - a potion of lignification {unknown}
 h - a potion of brilliance {unknown}
 m - a potion of invisibility {unknown}


   Skills:
 - Level 4.0 Fighting
 + Level 4.3 Maces & Flails
 - Level 2.6 Dodging
 - Level 1.4 Stealth


You had 3 spell levels left.
You didn't know any spells.
Your spell library contained the following spells:

 Spells                   Type           Power      Damage    Failure   Level
 Ignite Poison            Fire/Tmut/Pois 0%         N/A       71%         3
 Fireball                 Conj/Fire      0%         3d3       100%        5
 Starburst                Conj/Fire      0%         8x6d3     100%        6
 Ignition                 Fire           0%         3d3       100%        8


Dungeon Overview and Level Annotations

Branches:
Dungeon (2/15)

Altars:


Innate Abilities, Weirdness & Mutations

You are too large for most types of armour.
You have tough skin. (AC +1)


Message History

a +0 flail; a gnoll corpse
n - a +0 flail
n - a +0 flail (weapon)
Key pressed, stopping explore.
Unknown command.
Unknown command.
HP restored.
f - 2 atropa-tipped darts (gained 1)
You see here a +0 spear.
You see here a gnoll corpse.
f - 3 atropa-tipped darts (gained 1)
Found 12 bolts.
f - 4 atropa-tipped darts (gained 1)
There is an open door here.
The gnoll shouts!
A gnoll is nearby!
A gnoll is nearby!
A gnoll is nearby!
Throw: 4 darts (atropa)
Press: ? - help, Q - select action, (/) - cycle Shift-Dir - straight line, f - gnoll
Aim: a gnoll, wielding a +1 whip of electrocution (61% to hit, chance to blind on hit: 100%)
You throw an atropa-tipped dart. The atropa-tipped dart hits the gnoll.
The gnoll appears confused.
The gnoll seems less confused.
You hit the gnoll.
The gnoll is moderately wounded.
The gnoll hits you with a +1 whip of electrocution.
You are electrocuted!
You hit the gnoll.
The gnoll is moderately wounded.
The gnoll barely misses you.
You hit the gnoll.
The gnoll is almost dead.
The gnoll is no longer blind.
The gnoll hits you with a +1 whip of electrocution.
You are electrocuted!
The gnoll hits you with a +1 whip of electrocution.
* * * LOW HITPOINT WARNING * * *
You are electrocuted!
You die...

#......#.##.#.#.#.#... ......#
#......#.##.#.#.#.#..# ####..#
#.##.#.#.#.#..# #...
#.##.#.#.#.#..# #.##
#######......#.#.#..# #...
#.....####.###.#.#..# #.## .
#.###.# #..##.#.#..# #.#.
.####.###.#####.##......######.#.
.............(.g@....##.#......#.
......##..######.#..###.#.#<...#.
......##.#######.#..###.#.##...#.
....................#..........##
.##..###.#######.#..#.#.#....#...
.......#.# #....#.#.#......##
.##..###.# #####...#.#.#........
.##..# #.# #..............######
.##..# #.# #.###...#.###..#


You could see a gnoll.

Vanquished Creatures
  An adder (D:2)
  2 gnolls (D:2)
  2 dart slugs
  6 bats
  3 endoplasms
  2 giant cockroaches (D:1)
  2 goblins (D:1)
  3 jackals (D:1)
  4 ball pythons
  A frilled lizard (D:1)
  A kobold (D:2)
27 creatures vanquished.

Notes
Turn   | Place    | Note
-------+----------+-------------------------------------------
     0 | D:1      | lessens the Ogre Monk began the quest for the Orb.
     0 | D:1      | Reached XP level 1. HP: 24/24 MP: 1/1
     6 | D:1      | Noticed a black bear
     6 | D:1      | Noticed a killer bee
     6 | D:1      | Noticed a swamp drake
     7 | D:1      | Noticed a snapping turtle
     7 | D:1      | Noticed a hog
   187 | D:1      | Reached XP level 2. HP: 19/32 MP: 2/2
  1286 | D:2      | Reached XP level 3. HP: 39/39 MP: 3/3
  1701 | D:2      | Reached XP level 4. HP: 30/48 MP: 4/4
  1870 | D:2      | Slain by a gnoll

Illustrated notes

Levels and vault maps discovered:
D:1:      onia_arrival_zoo_common, layout_loops_corners
D:2:      layout_basic, minmay_misc_feat_ornament, minmay_misc_feat_more_columns

Skill      XL: |  1  2  3 |
---------------+----------+-----
Maces & Flails | 3 4 |  4.3
Fighting       | |  4.0
Dodging        | |  2.6
Stealth        | |  1.4

Action                   |  1- 3 |  4- 6 || total
-------------------------+-------+-------++-------
Melee: Mace              |    95 |       ||    95
       Flail             |       |     3 ||     3
Throw: Dart              |     4 |     1 ||     5
 Stab: Sleeping          |     3 |       ||     3
       Distracted        |     1 |       ||     1
Armor: Robe              |    44 |       ||    44
Dodge: Dodged            |    51 |     1 ||    52

Table legend: (Time is in decaauts)
 A = Elapsed time spent in this place.
 B = Non-inter-level travel time spent in this place.
 C = Inter-level travel time spent in this place.
 D = Time resting spent in this place.
 E = Time spent auto-exploring this place.
 F = Levels seen in this place.
 G = Mean time per level.
                   A        B        C        D        E       F      G
               +--------+--------+--------+--------+--------+-----+--------+
         Total |   1892 |   1875 |     17 |      4 |   1627 |   2 |  946.0 |
       Dungeon |   1892 |   1875 |     17 |      4 |   1627 |   2 |  946.0 |
               +--------+--------+--------+--------+--------+-----+--------+

Top non-repeatable levels by time:
     D:1: 1258 daAuts
     D:2: 633 daAuts
